 Dungeon Crawl Stone Soup version 0.31.0-32-g396128a36d (webtiles) character file.

Game seed: 10970802579225337676

58 luckeboy the Trooper (level 3, 0/51 HPs)
             Began as a Minotaur Berserker on Apr 9, 2024.
             Was a Follower of Trog.
             Slain by a white imp (1 damage)
             ... on level 3 of the Dungeon on Apr 10, 2024.
             The game lasted 00:06:18 (1365 turns).

luckeboy the Trooper (Minotaur Berserker)           Turns: 1365, Time: 00:06:19

Health: 0/51       AC:  2    Str: 23    XL:     3   Next: 75%
Magic:  2/2        EV: 12    Int:  4    God:    Trog [*.....]
Gold:   75         SH:  0    Dex:  9    Spells: 2/2 levels left

rFire   . . .        a - +0 hand axe
rCold   . . .        (no shield)
rNeg    . . .        b - +0 animal skin
rPois   .            (helmet restricted)
rElec   .            (no cloak)
rCorr   .            (no gloves)
SInv    .            (no boots)
Will    ++...        (no amulet) Stlth
                     (no ring)
HPRegen 1.28/turn    (no ring)
MPRegen 0.08/turn

%: no passive effects
@: berserking, lethally poisoned (0 -> -1), strong-willed, regenerating, very
quick
A: horns 2, retaliatory headbutt
a: Renounce Religion, Berserk


You were on level 3 of the Dungeon.
You worshipped Trog.
Trog was aware of your devotion.
You visited 1 branch of the dungeon, and saw 3 of its levels.

You collected 75 gold pieces.

Inventory:

Hand Weapons
 a - a +0 hand axe (weapon)
Armour
 b - a +0 animal skin (worn)
Jewellery
 d - an amulet of reflection
Scrolls
 c - a scroll of fog {unknown}
 e - a scroll of fear {unknown}
 f - a scroll of enchant weapon {unknown}
 g - a scroll of silence {unknown}
 j - a scroll of brand weapon {unknown}
 k - a scroll of vulnerability {unknown}
 l - a scroll of identify {unknown}
 m - a scroll of amnesia {unknown}
 o - a scroll of teleportation {unknown}
Potions
 h - a potion of heal wounds {unknown}
 i - 2 potions of might {unknown}
 n - a potion of curing {unknown}


   Skills:
 + Level 4.7 Fighting
 + Level 4.3 Axes
 + Level 2.8 Armour
 + Level 2.4 Dodging
 + Level 0.2 Stealth


You had 2 spell levels left.
You didn't know any spells.
Your spell library was empty.

Dungeon Overview and Level Annotations

Branches:
Dungeon (3/15)

Altars:
Xom


Innate Abilities, Weirdness & Mutations

You have a pair of horns on your head.
You reflexively headbutt those who attack you in melee.


Message History

The white imp is lightly wounded.
You hit the adder but do no damage.
You feel sick.
You hear a bark!
The adder barely misses you. The white imp closely misses you.
Your skin crawls.
You feel strong-willed.
You can no longer call upon Trog for regeneration and willpower.
You feel sick. The adder misses you. The white imp hits you.
The white imp freezes you.
* * * LOW HITPOINT WARNING * * *
The jackal bites you.
* * * LOW HITPOINT WARNING * * *
The adder bites you.
* * * LOW HITPOINT WARNING * * *
You are more poisoned.
The adder poisons you!
Okay, then.
A red film seems to cover your vision as you go berserk!
You feel yourself moving faster!
You feel mighty!
You feel sick. The white imp hits you.
* * * LOW HITPOINT WARNING * * *
The white imp freezes you.
* * * LOW HITPOINT WARNING * * *
The jackal bites you but does no damage.
The adder bites you but does no damage.
You feel a strong urge to attack something.
You feel sick. The jackal bites you.
* * * LOW HITPOINT WARNING * * *
The jackal bites you but does no damage.
The adder bites you but does no damage.
You slash the jackal!
You kill the jackal!
Trog accepts your kill.
You barely miss the white imp. You slash the jackal!
You kill the jackal!
Trog accepts your kill.
You miss the adder.
You feel sick. The adder bites you.
* * * LOW HITPOINT WARNING * * *
The white imp hits you.
You die...

.....####
........#
........#
........###
.......$..
#.[......#
#.......†#
#..<..S5†####.#
###....@......#
##.###.####.# #
#.# #
..#.###.####.#
#............#
###..........#
#####.####.#
...#########.#
#
.......<.....#


You could see an adder and a white imp.

Vanquished Creatures
  Terence (D:2)
  An adder (D:2)
  2 dart slugs (D:1)
  3 endoplasms
  A goblin (D:1)
  A hobgoblin (D:1)
  3 jackals (D:3)
  A quokka (D:2)
  2 ball pythons (D:1)
  3 bats (D:1)
  A kobold (D:2)
  3 rats
22 creatures vanquished.

Notes
Turn   | Place    | Note
-------+----------+-------------------------------------------
     0 | D:1      | luckeboy the Minotaur Berserker began the quest for the
                  | Orb.
     0 | D:1      | Reached XP level 1. HP: 19/19 MP: 0/0
   216 | D:1      | Reached XP level 2. HP: 27/27 MP: 1/1
   756 | D:2      | Noticed Terence
   777 | D:2      | Killed Terence
   778 | D:2      | Reached XP level 3. HP: 19/34 MP: 2/2
   964 | D:2      | Found a shimmering altar of Xom.
  1327 | D:3      | Reached ** piety under Trog
  1365 | D:3      | HP: 1/51 [adder (2)]
  1365 | D:3      | Slain by a white imp

Illustrated notes

Levels and vault maps discovered:
D:1:      pf_arrival_petrified_forest, layout_loops_ring
D:2:      layout_loops_cross, basic_altar, grunt_decor_one_mirror, uniq_terence
D:3:      layout_loops_ring

Skill      XL: |  1  2 |
---------------+-------+-----
Fighting       | 4 |  4.7
Axes           | 4 |  4.3
Armour         | |  2.8
Dodging        | |  2.4
Stealth        | |  0.2

Action                     || total
---------------------------++-------
  Melee: Hand axe          ||    58
         Headbutt          ||    12
         Punch             ||     1
  Throw: Dart              ||     5
 Invoke: Berserk           ||     1
         Trog's Hand       ||     1
 Armour: Animal skin       ||    48
  Dodge: Dodged            ||    41
